 Dungeon Crawl Stone Soup version 0.18-a0-1311-g779ca93 (webtiles) character file.

32 Duffy the Conjurer (level 3, 19/19 HPs)
             Began as a Deep Elf Conjurer on Feb 13, 2016.
             Quit the game on level 2 of the Dungeon.
             The game lasted 00:01:11 (1529 turns).

Duffy the Conjurer (Deep Elf Conjurer)              Turns: 1529, Time: 00:01:11

Health: 19/19      AC:  2    Str:  5    XL:     3   Next: 10%
Magic:  10/10      EV: 13    Int: 20    God:
Gold:   55         SH:  0    Dex: 15    Spells: 1 memorised, 9 levels left

rFire  . . .     SeeInvis .     (no weapon)
rCold  . . .     Gourm    .     a - +0 robe
rNeg   . . .     Faith    .     (no shield)
rPois  .         Spirit   .     (no helmet)
rElec  .         Dismiss  .     (no cloak)
rCorr  .         Reflect  .     (no gloves)
SustAt .         Harm     .     (no boots)
MR     .....                    (no amulet)
Stlth  ++........               (no ring)
                                (no ring)

@: not resistant to hostile enchantments, unstealthy
A: no striking features
a: no special abilities


You were on level 2 of the Dungeon.
You were hungry.

You visited 1 branch of the dungeon, and saw 2 of its levels.

You collected 55 gold pieces.


   Skills:
 - Level 2.4 Dodging
 - Level 2.4 Stealth
 + Level 4.2 Spellcasting
 + Level 4.9 Conjurations


You had 9 spell levels left.
You knew the following spells:

 Your Spells              Type           Power        Failure   Level  Hunger
a - Magic Dart            Conj           ###.         1%          1    None

Inventory:

Armour
 a - a +0 robe (worn)
Scrolls
 f - a scroll of teleportation {unknown}
 g - a scroll of remove curse {unknown}
 h - a scroll of enchant armour {unknown}
Potions
 d - 2 potions of beneficial mutation {unknown}
 e - a potion of curing {unknown}
 i - a potion of haste {unknown}
Books
 b - a book of Conjurations
Comestibles
 c - a bread ration

Dungeon Overview and Level Annotations

Branches:
Dungeon (2/15)

Altars:
Pakellas


Message History

(D) Dungeon
Where to? (* - list waypoints, ? - help)
You are feeling hungry.
There is a stone staircase leading down here.
You climb downwards.
Found a scroll labeled KIESEIBUOR.
Found a stone staircase leading up.
There is a stone staircase leading up here.
Unknown command.
Found a spear.
Found 19 stones.
g - a scroll labeled KIESEIBUOR You now have 47 gold pieces (gained 11).
You now have 55 gold pieces (gained 8).
A kobold comes into view. It is wielding a dagger.
You see here a scroll labeled GYQOGU OWNA.
Cast which spell? (? or * to list)
Aiming: Magic Dart
Press: ? - help, Shift-Dir - straight line, f - kobold
Aim: a kobold, wielding a dagger (resting)
The magic dart hits the kobold.
You kill the kobold!
Cast which spell? (? or * to list)
You can't see any susceptible monsters within range! (Use Z to cast anyway.) Cast which spell? (? or * to list)
You can't see any susceptible monsters within range! (Use Z to cast anyway.) Magic restored.
h - a scroll labeled GYQOGU OWNA
Things that are here:
a dagger; a kobold corpse
i - a pink potion You open the door.
Found an oddly glowing altar of Pakellas.
Pakellas says, "Perhaps this approach will lead to a solution."
There is an open door here.
Are you sure you want to abandon this character and quit the game? (Confirm with "yes".)

####### #.....#
#@###.#
#...##.############
#._.##.............
#########.########.
##~8~##..#.## ####.
##PPP##.....# #....
##...###.#..# #.#..
##H..###.#..####.#..
#............


You could see a manticore (wandering) and a neutral lightning spire.

Action                   || total
-------------------------++-------
 Cast: Magic Dart        ||    60
  Eat: Chunk             ||     1

Notes
Turn   | Place    | Note
--------------------------------------------------------------
     0 | D:1      | Duffy the Deep Elf Conjurer began the quest for the Orb.
     0 | D:1      | Reached XP level 1. HP: 10/10 MP: 6/6
   497 | D:1      | Reached XP level 2. HP: 15/15 MP: 5/8
   870 | D:1      | Reached skill level 4 in Spellcasting
  1139 | D:1      | Reached XP level 3. HP: 19/19 MP: 8/10
  1527 | D:2      | Found an oddly glowing altar of Pakellas.
  1528 | D:2      | Noticed a manticore
  1529 | D:2      | Quit the game

Vault maps used:
D:1:      ldierk_walled_garden
D:2:      first_bread, gammafunk_pakellas_spire_experiment, uniq_terence

Vanquished Creatures
  A giant gecko
  4 giant cockroaches
  2 goblins
  3 hobgoblins
  7 jackals
  4 kobolds
  A bat
  4 rats
  5 toadstools
31 creatures vanquished.
